 Dungeon Crawl Stone Soup version 0.21.0-3-g78d12a8bdd (webtiles) character file.

918 Pixllover the Chopper (level 7, -7/62 HPs)
             Began as a Minotaur Berserker on Jan 13, 2018.
             Was a Believer of Trog.
             Mangled by an ogre
             ... wielding a cursed -1 giant club
              (21 damage)
             ... on level 6 of the Dungeon.
             The game lasted 00:12:26 (4029 turns).

Pixllover the Chopper (Minotaur Berserker)          Turns: 4029, Time: 00:12:26

Health: -7/62      AC:  9    Str: 24    XL:     7   Next: 83%
Magic:  6/6        EV: 12    Int:  4    God:    Trog [**....]
Gold:   281        SH:  0    Dex:  9    Spells: 6/6 levels left

rFire    + . .     SeeInvis +   B - +0 war axe
rCold    + . .     Gourm    .   (no shield)
rNeg     . . .     Faith    .   g - +0 ring mail
rPois    .         Spirit   .   (helmet restricted)
rElec    .         Reflect  .   A - scarf {rC+ rF+}
rCorr    .         Harm     .   p - +0 pair of gloves
MR       .....                  w - +0 pair of boots
Stlth    ++........             (no amulet)
HPRegen  0.20/turn              s - ring of see invisible
MPRegen  0.10/turn              f - ring of stealth

@: berserk cooldown, slowed, very slow
A: retaliatory headbutt, horns 2
a: Berserk, Trog's Hand, Burn Spellbooks, Renounce Religion


You were on level 6 of the Dungeon.
You worshipped Trog.
Trog was pleased with you.
You were not hungry.

You visited 1 branch of the dungeon, and saw 6 of its levels.

You collected 361 gold pieces.
You spent 80 gold pieces at shops.

Inventory:

Hand Weapons
 B - a +0 war axe (weapon)
Missiles
 u - 2 silver tomahawks (quivered)
Armour
 g - a +0 ring mail (worn)
 p - a +0 pair of gloves (worn)
 w - a +0 pair of boots (worn)
 A - a scarf of resistance (worn)
Jewellery
 f - a ring of stealth (right hand)
 s - a ring of see invisible (left hand)
Wands
 i - a wand of scattershot (7)
 z - a wand of acid (11)
Scrolls
 e - a scroll of magic mapping {unknown}
 j - 3 scrolls of identify
 l - a scroll of remove curse {unknown}
 m - a scroll of blinking
 o - a scroll of enchant armour {unknown}
 q - 2 scrolls of fear {unknown}
 r - 2 scrolls of amnesia {unknown}
 y - a scroll of teleportation {unknown}
Potions
 b - a potion of heal wounds
 h - 2 potions of brilliance
 k - a potion of flight
 n - 2 potions of agility
 v - a potion of lignification
 C - a potion of curing
Comestibles
 c - 8 rations


   Skills:
 + Level 5.8 Fighting
 + Level 6.9(7.0) Axes
   Level 1.3(4.5) Maces & Flails
 + Level 0.6 Throwing
 + Level 6.4 Armour
 + Level 3.8 Dodging
 + Level 1.4 Stealth


You had 6 spell levels left.
You didn't know any spells.

Dungeon Overview and Level Annotations

Branches:
Dungeon (6/15)
 Temple: D:4-7

Altars:
Cheibriados
Fedhas
Gozag
Nemelex Xobeh
Okawaru
Sif Muna
Trog
Uskayaw
Wu Jian
Zin

Shops:
D:5 !


Innate Abilities, Weirdness & Mutations

You reflexively headbutt those who attack you in melee.
You have a pair of horns on your head.


Message History

Trog accepts your kill.
Items here: )) [[ † a trident; a chain mail; a dagger; a robe; an orc corpse You feel a strong urge to attack something.
An ogre comes into view. It is wielding a giant club.
You are no longer berserk.
You are exhausted.
You feel yourself slow down.
Found a scroll labeled XINIUR MISKOGH.
j - 3 scrolls of identify (gained 1)
You feel much better.
A jackal comes into view.
Found a ring mail.
An adder skeleton comes into view.
The ogre hits you with a giant club!!
* * * LOW HITPOINT WARNING * * *
The jackal barks!
A jackal comes into view.
The ogre hits you with a giant club!!
You die...

......#.###
....###.#
.....##.##
#(.......#
#....#...#
.........#
###.#h?..#
#...hO.##
#....#@..#
#.....Z....#
..........[.#
............#
............#
#..........##
##...##...##
#### #####


You could see an ogre, 2 jackals and an adder skeleton.

Vanquished Creatures
  Edmund (D:4)
  An ice beast (D:5)
  A phantom (D:6)
  An orc warrior (D:6)
  An ogre (D:4)
  A crimson imp (D:6)
  2 bullfrog zombies (D:5)
  A centaur zombie (D:5)
  A hound (D:3)
  An iguana (D:5)
  An orc wizard (D:6)
  2 worker ants
  8 adders
  An ooze (D:5)
  4 worms
  2 adder skeletons (D:4)
  A dart slug (D:2)
  4 leopard geckos
  5 orcs
  3 ball pythons
  A giant cockroach (D:1)
  7 hobgoblins
  5 jackals
  A quokka (D:2)
  6 bats
  A frilled lizard (D:1)
  6 goblins
  A jackal zombie (D:5)
  7 kobolds
  6 rats
83 creatures vanquished.

Notes
Turn   | Place    | Note
-------+----------+-------------------------------------------
     0 | D:1      | Pixllover the Minotaur Berserker began the quest for the Orb.
     0 | D:1      | Reached XP level 1. HP: 19/19 MP: 0/0
   127 | D:1      | Reached XP level 2. HP: 15/27 MP: 1/1
   739 | D:2      | Reached XP level 3. HP: 32/33 MP: 2/2
   883 | D:2      | Reached ** piety under Trog
  1223 | D:2      | Found a snail-covered altar of Cheibriados.
  1229 | D:2      | Found a glowing silver altar of Zin.
  1229 | D:2      | Found a bloodstained altar of Trog.
  1236 | D:2      | Found a hide-covered altar of Uskayaw.
  1236 | D:2      | Found an ornate altar of the Wu Jian Council.
  1237 | D:2      | Found a deep blue altar of Sif Muna.
  1237 | D:2      | Found a blossoming altar of Fedhas.
  1511 | D:3      | Reached XP level 4. HP: 41/41 MP: 3/3
  1512 | D:3      | Reached skill level 5 in Axes
  1788 | D:3      | Reached XP level 5. HP: 47/47 MP: 4/4
  1924 | D:3      | You fall through a shaft!
  2208 | D:4      | Noticed an ogre
  2218 | D:4      | Killed an ogre
  2231 | D:4      | Reached skill level 5 in Fighting
  2548 | D:4      | Found an opulent altar of Gozag.
  2549 | D:4      | Noticed Edmund
  2560 | D:4      | Killed Edmund
  2560 | D:4      | Reached skill level 1 in Stealth
  2560 | D:4      | Reached XP level 6. HP: 56/56 MP: 5/5
  2788 | D:5      | Entered Level 5 of the Dungeon
  2888 | D:5      | Found a sparkling altar of Nemelex Xobeh.
  2902 | D:5      | Found an iron altar of Okawaru.
  2973 | D:5      | Reached skill level 5 in Armour
  2985 | D:5      | Noticed an ice beast
  2993 | D:5      | Killed an ice beast
  2993 | D:5      | Reached XP level 7. HP: 35/61 MP: 6/6
  3033 | D:5      | Reached skill level 1 in Maces & Flails
  3370 | D:5      | Found Ceskekeriva's Distillery.
  3378 | D:5      | Bought a potion of curing for 30 gold pieces
  3378 | D:5      | Bought a potion of heal wounds for 50 gold pieces
  4011 | D:6      | HP: 2/93 [orc warrior/glaive (14)]
  4029 | D:6      | Mangled by an ogre

Skill      XL: |  1  2  3  4  5  6  7 |
---------------+----------------------+-----
Axes           | 4 5 6 |  6.9
Fighting       | 4 5 |  5.8
Armour         | 3 4 5 6 |  6.4
Dodging        | 3 |  3.8
Stealth        | 1 |  1.4
Maces & Flails | 1 |  1.3
Throwing       | |  0.6

Action                   |  1- 3 |  4- 6 |  7- 9 || total
-------------------------+-------+-------+-------++-------
Melee: Hand axe          |    69 |    60 |       ||   129
       Headbutt          |     9 |    14 |    11 ||    34
       Flail             |       |    21 |     7 ||    28
       War axe           |       |       |    36 ||    36
Throw: Tomahawk          |       |       |     7 ||     7
Invok: Berserk           |       |     2 |     1 ||     3
       Burn Spellbooks   |       |     1 |       ||     1
  Use: Scroll            |     2 |     5 |     3 ||    10
       Potion            |     1 |       |     4 ||     5
  Eat: Chunk             |     2 |     4 |     1 ||     7
       Ration            |       |     1 |     1 ||     2
Armor: Animal skin       |     9 |       |       ||     9
       Ring mail         |    17 |    28 |    14 ||    59
Dodge: Dodged            |    58 |    75 |    31 ||   164
